AoeStats
← Der Kissenschlitzer von Salem

Arabia

505933364Analyzed
1v1 RM · 21d ago on Sep 11, 2026· 33m 43s· 2 players
Game mode
Random Map
Map size
Tiny (2 player)
Population
200
Speed
Normal
Resources
Standard
Victory
Conquest
Starting age
Dark Age
Ending age
Imperial Age
RankedLock teamsTeams togetherTeam positionsShared explorationLock speedFull tech treeHidden civsTurbo modeCheats
Victory
Defeat
1114
+15
🇩🇪 Hindustanis · Germany
1082
-15
LuxusLuchs
10:49 Feudal Age
11:38 Loom
16:17 Castle Age
14:42 Double-Bit Axe
19:44 Horse Collar
20:56 Gold Mining
20:57 Stone Mining
24:33 Redemption
25:29 Gold Shaft Mining
24:45 Stone Mining
26:41 Heavy Plow
26:54 Bow Saw
29:54 Forging
29:44 Scale Mail Armor
29:56 Fletching
30:07 Padded Archer Armor
33:25 Imperial Age
30:42 Town Watch
31:33 Wheelbarrow
32:52 Ballistics
Der Kissenschlitzer von Salem
2:42 Loom
10:11 Feudal Age
11:17 Double-Bit Axe
20:01 Castle Age
18:49 Scale Mail Armor
19:00 Forging
18:49 Arson
19:52 Fletching
20:50 Squires
21:14 Chain Mail Armor
22:19 Iron Casting
23:08 Wheelbarrow
35:43 Imperial Age
Connection lost

Rejoining the realm…

Still unreachable

The connection could not be restored.

Session expired

The server has moved on; the page needs a fresh start.